 Dungeon Crawl Stone Soup version 0.31-a0-198-g2ad674f65e (webtiles) character file.

Game seed: 17609258409596090114

1087 qw the Skirmisher (level 8, 0/45 HPs)
             Began as a Deep Elf Hunter on June 25, 2023.
             Slain by an orc warrior
             ... wielding a +0 glaive
              (4 damage)
             ... on level 6 of the Dungeon.
             The game lasted 00:02:06 (4124 turns).

qw the Skirmisher (Deep Elf Hunter)                 Turns: 4124, Time: 00:02:06

Health: 0/45       AC: 10    Str:  8 (10) XL:     8   Next: 9%
Magic:  10/10      EV: 13    Int: 12 (15) God:
Gold:   246        SH:  0    Dex: 15 (18) Spells: 7/7 levels left

rFire   . . .        Y - +1 shortbow
rCold   + + +        (shield currently unavailable)
rNeg    . . .        a - +3 leather armour "Cowkoply" {rC+++}
rPois   .            k - +1 helmet
rElec   .            g - +0 cloak
rCorr   .            (no gloves)
SInv    .            e - +0 pair of boots
Will    .....        j - amulet of faith
Stlth   ++           (no ring)
HPRegen 0.27/turn    (no ring)
MPRegen 0.12/turn

%: faith
@: no status effects
A: no striking features
a: no special abilities


You were on level 6 of the Dungeon.
You visited 1 branch of the dungeon, and saw 6 of its levels.
You also visited: Sewer.

You collected 246 gold pieces.


   Skills:
 + Level 2.9 Fighting
 - Level 12.0 Ranged Weapons
 - Level 1.2 Armour
 - Level 4.1 Dodging
 - Level 1.2 Stealth


You had 7 spell levels left.
You didn't know any spells.
Your spell library was empty.

Inventory:

Hand Weapons
 Y - a +1 shortbow (weapon)
Armour
 a - the +3 leather armour "Cowkoply" (worn) {rC+++}
   (You found it on level 3 of the Dungeon)

   rC:        It renders you almost immune to cold.
 e - a +0 pair of boots (worn)
 g - a +0 cloak (worn)
 k - a +1 helmet (worn)
Jewellery
 j - an amulet of faith (around neck)
 l - a ring of wizardry
Wands
 n - a wand of digging (2)
Scrolls
 d - 2 scrolls of identify
Potions
 b - a potion of cancellation
 c - 5 potions of curing
 f - 2 potions of lignification {unknown}
 h - a potion of mutation {unknown}
 i - 8 potions of enlightenment

Dungeon Overview and Level Annotations

Branches:
Dungeon (6/15)              Sewer (visited)
 Temple: D:4-7

Altars:
Cheibriados
Fedhas
Makhleb
Nemelex Xobeh
Ru
Sif Muna
Uskayaw

Annotations:
D:3 exclusion: 10 kobolds


Message History

4112 ||| DRINKING potion of heal wounds.
You feel much better. The orc warrior barely misses you.
You shoot an arrow. The arrow hits the orc warrior.
The orc warrior is severely wounded.
You shoot an arrow.
The arrow closely misses the orc warrior.
The orc warrior barely misses you.
You shoot an arrow.
The arrow hits the orc warrior but does no damage.
The orc warrior is severely wounded.
The orc warrior barely misses you.
You shoot an arrow.
The arrow closely misses the orc warrior.
The orc warrior hits you from afar with a +0 glaive!
You shoot an arrow. The arrow hits the orc warrior.
The orc warrior is almost dead.
The orc warrior hits you from afar with a +0 glaive!!
You shoot an arrow. The arrow hits the orc warrior.
The orc warrior is almost dead.
The orc warrior hits you but does no damage.
You shoot an arrow.
The arrow closely misses the orc warrior.
The orc warrior barely misses you.
You shoot an arrow.
The arrow closely misses the orc warrior.
The orc warrior barely misses you.
You shoot an arrow.
The arrow closely misses the orc warrior.
You shoot an arrow.
The arrow hits the orc warrior but does no damage.
The orc warrior is almost dead.
The orc warrior closely misses you.
You shoot an arrow.
The arrow barely misses the orc warrior.
The orc warrior misses you.
You shoot an arrow.
The arrow closely misses the orc warrior.
The orc warrior hits you from afar with a +0 glaive.
You die...

#..... #..... #.....
#..... ### #..... ##
..#### #.....
#...###....####
#.....
..8..o...).....
#..... ##
###@...########.....
..#
##...####............
.. #..###
........#####
#.###.##
........#.... ..#..#
+.......#..). #.#.##
#.......#.... #.#.#
#.......#.... #...#
........#'### ##.##
..<..........


You could see an orc warrior.

Vanquished Creatures
  Grinder (D:3)
  An ogre (D:5)
  A kobold brigand (Sewer)
  A scorpion (D:5)
  A howler monkey (D:5)
  4 hounds
  A jelly (D:5)
  A gnoll bouda (D:5)
  4 iguanas
  3 orc wizards
  7 gnolls
  10 adders
  2 river rats (Sewer)
  2 white imps
  A worm (D:4)
  7 orcs
  7 ball pythons
  2 endoplasms
  7 giant cockroaches
  5 hobgoblins
  5 jackals
  3 quokkas
  6 bats
  2 frilled lizards
  9 goblins
  12 kobolds
  12 rats
117 creatures vanquished.

Notes
Turn   | Place    | Note
-------+----------+-------------------------------------------
     0 | D:1      | qw the Deep Elf Hunter began the quest for the Orb.
     0 | D:1      | Reached XP level 1. HP: 12/12 MP: 3/3
     0 | D:1      | 0 ||| qw: Version: 0.3-a-22-g0ed2b0b
     0 | D:1      | 0 ||| qw: Game counter: 5313
     0 | D:1      | 0 ||| qw: Melee chars always use a shield: true
     0 | D:1      | 0 ||| qw: God list: Okawaru
     0 | D:1      | 0 ||| qw: Allow faded altars: false
     0 | D:1      | 0 ||| qw: Do Orc after clearing Dungeon:15 true
     0 | D:1      | 0 ||| qw: Do second Lair branch before Depths: true
     0 | D:1      | 0 ||| qw: Lair rune preference: random
     0 | D:1      | 0 ||| qw: Goals: Normal
     0 | D:1      | 0 ||| PLANNING D:1-11
   185 | D:1      | Reached skill level 6 in Ranged Weapons
   185 | D:1      | Reached XP level 2. HP: 16/16 MP: 4/4
   641 | D:1      | 641 ||| UPGRADING to +0 pair of boots.
   646 | D:1      | 646 ||| UPGRADING to +0 cloak.
   651 | D:1      | 651 ||| READING scroll labelled DIEDAI SAARR.
   652 | D:1      | 652 ||| READING scroll labelled TARUBB CISUNGARHA.
   653 | D:1      | 653 ||| READING scroll labelled GYRUBE ARHANIE.
   654 | D:1      | 654 ||| DRINKING 4 golden potions.
   655 | D:1      | 655 ||| DROPPING scroll of butterflies.
   773 | D:2      | Reached XP level 3. HP: 20/20 MP: 5/5
   797 | D:2      | 797 ||| Stepping ~*~*~tactically~*~*~ (outnumbered).
   829 | D:2      | Found a faded altar of an unknown god.
   850 | D:2      | Reached skill level 7 in Ranged Weapons
  1239 | D:2      | 1239 ||| DROPPING scarf of invisibility.
  1240 | D:2      | 1240 ||| READING scroll labelled LUOTIUJIOR.
  1241 | D:2      | 1241 ||| DRINKING 2 dark potions.
  1269 | D:3      | 1269 ||| PLANNING SEWER
  1274 | D:3      | 1274 ||| STAIRDANCE
  1277 | D:2      | Reached XP level 4. HP: 15/25 MP: 6/6
  1331 | D:3      | 1331 ||| STAIRDANCE
  1333 | D:2      | 1333 ||| DRINKING potion of curing.
  1333 | D:2      | 1333 ||| (to cure confusion)
  1403 | D:3      | 1403 ||| STAIRDANCE
  1406 | D:2      | Reached skill level 8 in Ranged Weapons
  1418 | D:3      | Identified the +3 leather armour "Cowkoply" {rC+++}
  1460 | D:3      | Noticed Grinder
  1463 | D:3      | 1463 ||| Stepping ~*~*~tactically~*~*~ (outnumbered).
  1472 | D:3      | HP: 4/25 [gnoll/+0 halberd (6)]
  1473 | D:3      | 1473 ||| DRINKING 3 potions of heal wounds.
  1480 | D:3      | Reached XP level 5. HP: 16/29 MP: 7/7
  1480 | D:3      | 1480 ||| Stepping ~*~*~tactically~*~*~ (outnumbered).
  1485 | D:3      | HP: 5/29 [Grinder (4)]
  1486 | D:3      | 1486 ||| DRINKING 2 potions of heal wounds.
  1490 | D:3      | HP: 7/29 [Grinder (1)]
  1491 | D:3      | 1491 ||| DRINKING potion of heal wounds.
  1496 | D:3      | Killed Grinder
  1497 | D:3      | Reached skill level 10 in Ranged Weapons
  1497 | D:3      | Reached XP level 6. HP: 30/34 MP: 8/8
  1602 | D:3      | Found a glowing drain.
  1603 | D:3      | 1603 ||| UPGRADING to +3 leather armour "Cowkoply" {rC+++}.
  1613 | D:3      | 1613 ||| DROPPING +0 leather armour.
  1614 | D:3      | 1614 ||| READING scroll labelled POLYUC NILE.
  1684 | Sewer    | Entered a sewer
  1694 | Sewer    | Reached skill level 3 in Dodging
  1874 | Sewer    | Found a white marble altar of Elyvilon.
  1917 | D:3      | 1917 ||| PLANNING D:1-11
  2071 | D:3      | HP: 8/36 [kobold/+2 trident of distortion (14)]
  2084 | D:3      | 2084 ||| FLEEEEING.
  2322 | D:3      | Found a burning altar of Makhleb.
  2332 | D:3      | Found a shimmering blue altar of Sif Muna.
  2394 | D:3      | Found a hide-covered altar of Uskayaw.
  2429 | D:4      | 2429 ||| STAIRDANCE
  2435 | D:3      | Reached XP level 7. HP: 32/40 MP: 9/9
  2476 | D:4      | 2476 ||| STAIRDANCE
  2609 | D:4      | Found a sacrificial altar of Ru.
  2621 | D:4      | Found a sparkling altar of Nemelex Xobeh.
  2622 | D:4      | Found a blossoming altar of Fedhas.
  2622 | D:4      | Found a snail-covered altar of Cheibriados.
  3148 | D:4      | 3148 ||| UPGRADING to +1 helmet.
  3153 | D:4      | 3153 ||| UPGRADING to amulet of faith.
  3158 | D:4      | 3158 ||| READING scroll labelled NIHEEVOPUUWK.
  3162 | D:4      | 3162 ||| READING scroll labelled MUVIOV ITWE.
  3163 | D:4      | 3163 ||| READING 2 scrolls of identify.
  3163 | D:4      | 3163 ||| IDENTIFYING silvery potion
  3180 | D:5      | Entered Level 5 of the Dungeon
  3341 | D:5      | Reached skill level 11 in Ranged Weapons
  3472 | D:5      | 3472 ||| Stepping ~*~*~tactically~*~*~ (outnumbered).
  3497 | D:5      | Reached skill level 1 in Armour
  3912 | D:5      | 3912 ||| READING scroll labelled RIMI GIEXZUOPN.
  3913 | D:5      | 3913 ||| READING scroll labelled NEBRAF CAUM.
  3914 | D:5      | 3914 ||| DRINKING 2 orange potions.
  3915 | D:5      | 3915 ||| DROPPING potion of degeneration.
  3949 | D:6      | Reached skill level 12 in Ranged Weapons
  3949 | D:6      | Reached XP level 8. HP: 45/45 MP: 10/10
  4092 | D:6      | 4092 ||| Stepping ~*~*~tactically~*~*~ (outnumbered).
  4094 | D:6      | 4094 ||| Stepping ~*~*~tactically~*~*~ (outnumbered).
  4096 | D:6      | 4096 ||| Stepping ~*~*~tactically~*~*~ (outnumbered).
  4111 | D:6      | HP: 8/45 [orc warrior/+0 glaive (6)]
  4112 | D:6      | 4112 ||| DRINKING potion of heal wounds.
  4117 | D:6      | HP: 3/45 [orc warrior/+0 glaive (18)]
  4124 | D:6      | Slain by an orc warrior

Levels and vault maps discovered:
D:1:      lightli_arrival_flooded_house, layout_loops_ring
D:2:      layout_loops_ring, shapermc_ecumenical_altar_mp_vishouse
D:3:      layout_rooms, mainiacjoe_overflow_alcove_2,
          amethyst_overflow_temple_binary, portal_sewer_entry_b, uniq_grinder
D:4:      layout_basic, minitemple
D:5:      layout_loops_cross
D:6:      minmay_general_purpose_star, layout_gridville,
          minmay_temple_entry_sparse_star, serial_shops, nicolae_shop_tiny_glass

Skill      XL: |  1  2  3  4  5  6  7 |
---------------+----------------------+-----
Ranged Weapons | 6 7 8 10 12 | 12.0
Dodging        | 4 |  4.1
Fighting       | 2 |  2.9
Armour         | 1 |  1.2
Stealth        | |  1.2

Action                     |  1- 3 |  4- 6 |  7- 9 || total
---------------------------+-------+-------+-------++-------
   Fire: Shortbow          |    85 |   167 |   209 ||   461
    Use: Scroll            |     4 |     1 |     5 ||    10
         Potion            |     2 |     4 |     2 ||     8
 Armour: Leather armour    |     7 |    21 |    30 ||    58
  Dodge: Dodged            |    13 |    60 |    65 ||   138

Table legend:
 A = Non-vault XP
 B = Vault XP
 C = Vault XP percentage of total XP
 D = Non-vault monster count
 E = Vault monster count
 F = Vault count percentage of total count
                 A         B        C        D         E       F
            +---------+---------+-------+---------+---------+-------
      Total |    1118 |     435 |  28.0 |      96 |      21 |  17.9
            +---------+---------+-------+---------+---------+-------
        D:1 |      27 |       0 |   0.0 |      17 |       0 |   0.0
        D:2 |     119 |       0 |   0.0 |      22 |       0 |   0.0
        D:3 |     197 |     283 |  59.0 |      22 |       8 |  26.7
        D:4 |      64 |       0 |   0.0 |      15 |       0 |   0.0
        D:5 |     591 |       0 |   0.0 |      17 |       0 |   0.0
        D:6 |     120 |      10 |   7.7 |       3 |       1 |  25.0
      Sewer |       0 |     142 | 100.0 |       0 |      12 | 100.0
            +---------+---------+-------+---------+---------+-------
